 Dungeon Crawl Stone Soup version 0.32-a0-424-g4368416 (webtiles) character file.

Game seed: 12523044241193783934

5819 december12 the Fighter (level 10, -8/133 HPs)
             Began as a Barachi Artificer on Feb 21, 2024.
             Incinerated by a smoke demon (9 damage)
             ... with a pyre arrow
             ... in a bailey.
             The game lasted 00:24:41 (11201 turns).

december12 the Fighter (Barachi Artificer)         Turns: 11201, Time: 00:24:41

Health: -8/133     AC: 25    Str: 13    XL:     10   Next: 80%
Magic:  11/12      EV:  2    Int: 13    God:
Gold:   322        SH:  0    Dex: 16    Spells: 12/12 levels left

rFire   . . .        a - +5 great sword
rCold   . . .        (shield currently unavailable)
rNeg    . . .        q - melded +0 ring mail
rPois   +            (helmet currently unavailable)
rElec   .            (cloak currently unavailable)
rCorr   .            (gloves currently unavailable)
SInv    .            (boots currently unavailable)
Will    .....        (no amulet)
Stlth   +            u - ring of poison resistance
HPRegen 0.42/turn    (no ring)
MPRegen 0.13/turn

%: no passive effects
@: on fire, tree-form, glowing
A: stationary, stasis, torment immunity, boosted hp, (amphibious), (slowness 1),
(strong legs 1), +LOS
a: no special abilities


You were in a bailey.
You were a tree.
You visited 1 branch of the dungeon, and saw 8 of its levels.
You also visited: Sewer and Bailey.

You collected 361 gold pieces.
You spent 39 gold pieces at shops.

Inventory:

Hand Weapons
 a - a +5 great sword (weapon)
 b - a +0 orcbow
 c - a +0 long sword
 e - a +2 short sword of draining
 f - a +2 scimitar
 p - a +0 halberd
Missiles
 A - 2 poisoned darts
 Z - 2 throwing nets {!f}
Armour
 q - a +0 ring mail (melded)
Jewellery
 i - a +6 ring of intelligence
 u - a ring of poison resistance (left branch)
Wands
 x - a wand of charming (2)
 V - a wand of digging (4)
Scrolls
 j - a scroll of noise {unknown}
 k - 3 scrolls of enchant weapon
 l - 2 scrolls of revelation {unknown}
 n - 4 scrolls of teleportation
 w - 2 scrolls of vulnerability
Potions
 d - 3 potions of enlightenment
 h - a potion of haste
 m - a potion of brilliance
 o - a potion of resistance
 t - a potion of mutation {unknown}
 v - a potion of invisibility {unknown}
 z - a potion of might {unknown}
 D - a potion of attraction {unknown}


   Skills:
 - Level 12.0 Fighting
 - Level 12.0 Long Blades
 - Level 4.0 Armour
 + Level 6.3 Dodging
 - Level 0.8 Stealth
 + Level 1.6 Spellcasting
 - Level 4.0 Evocations


You had 12 spell levels left.
You didn't know any spells.
Your spell library contained the following spells:

 Spells                   Type           Power      Damage    Failure   Level
 Apportation              Tloc           2%         N/A       26%         1
 Freeze                   Ice            4%         1d3       26%         1
 Call Imp                 Summ           2%         N/A       38%         2
 Jinxbite                 Hex            2%         N/A       38%         2
 Sublimation of Blood     Necr           1%         N/A       38%         2
 Frozen Ramparts          Ice            2%         1d1       63%         3
 Hailstorm                Conj/Ice       1%         3d5       63%         3
 Inner Flame              Hex/Fire       1%         N/A       63%         3
 Volatile Blastmotes      Fire/Tloc      2%         2d10      63%         3
 Fulminant Prism          Conj/Alch      0%         3d5       95%         4
 Iskenderun's Mystic Bla  Conj/Tloc      1%         2d3       95%         4
 Alistair's Intoxication  Alch           0%         N/A       100%        5
 Irradiate                Conj/Alch      0%         3d11      100%        5
 Summon Hydra             Summ           0%         N/A       100%        7
 Ignition                 Fire           0%         3d3       100%        8


Dungeon Overview and Level Annotations

Branches:
Dungeon (8/15)             Temple (0/1) D:7           Sewer (visited)
 Bailey (1/1)
   Lair: D:8-11

Altars:
Hepliaklqana
Nemelex Xobeh
Okawaru
Trog

Shops:
D:1 :   D:3 ?

Annotations:
D:3 Grinder
D:5 1 runed translucent door, yapang's ghost, amateur DrSh
D:7 3 runed translucent doors, kasel's ghost, novice FoFi


Innate Abilities, Weirdness & Mutations

You are a tree.
Your roots penetrate the ground, keeping you stationary.
You cannot be teleported.
You are immune to unholy pain and torment.
Your maximum health is greatly increased.
Your equipment is partially melded.
((You are amphibious.))
((You cover ground slowly.))
((You can hop short distances.))
You have an extended range of vision and can be seen from far away.


Message History

The liquid fire burns you!
* * * LOW HITPOINT WARNING * * *
The shadow imp hits you but does no damage.
The smoke demon hits you but does no damage. x3
The kobold demonologist hits you but does no damage.
You slash the kobold demonologist!
You kill the kobold demonologist!
The shadow imp disappears in a puff of smoke!
The smoke demon disappears in a puff of smoke!
The ynoxinul disappears in a puff of smoke!
The ufetubus disappears in a puff of smoke! x3
The liquid fire burns you!
* * * LOW HITPOINT WARNING * * *
Your Spellcasting skill increases to level 1!
The liquid fire burns you!
* * * LOW HITPOINT WARNING * * *
The liquid fire burns you!
* * * LOW HITPOINT WARNING * * *
You feel much better. The liquid fire burns you!
* * * LOW HITPOINT WARNING * * *
The liquid fire burns you!
* * * LOW HITPOINT WARNING * * *
The liquid fire burns you!
* * * LOW HITPOINT WARNING * * *
You feel much better. The liquid fire burns you!
* * * LOW HITPOINT WARNING * * *
The liquid fire burns you!
* * * LOW HITPOINT WARNING * * *
The liquid fire burns you!
* * * LOW HITPOINT WARNING * * *
You feel better. The liquid fire burns you!
* * * LOW HITPOINT WARNING * * *
Okay, then.
The liquid fire burns you!
* * * LOW HITPOINT WARNING * * *
The liquid fire burns you!
You die...

#≈≈≈≈≈≈≈≈≈≈≈≈≈≈≈≈≈≈≈≈≈≈≈≈≈≈≈≈≈≈≈
#≈≈≈≈≈≈≈≈≈≈≈≈≈≈≈≈≈≈≈≈≈≈≈≈≈≈≈≈≈≈≈
#≈≈≈≈≈≈≈≈≈≈≈≈≈≈≈≈≈≈≈≈≈≈≈≈≈≈≈≈≈≈≈
#≈≈≈≈≈≈≈≈######))~~~~~~~~~######
#≈≈≈≈≈≈≈≈#.'..).....∩........'.#
#≈≈≈≈≈≈≈≈###..######.######..###
#≈≈≈≈≈≈≈≈#....#[[.#...#.((#....#
#≈≈≈≈≈≈≈≈#....#[$.#...#.((#....#
#≈≈≈≈≈≈≈≈#'#'##♣###ß.ß###'##'#)#
#≈≈≈≈≈≈≈≈).#).#...#...# .#..#.)
#≈≈≈≈≈≈≈≈~5#..###'#ß.ß# ##.)#.~
#≈≈≈≈≈≈≈≈~.#..#)).#...# #..#.~
#≈≈≈≈≈≈≈≈~.#..#)).#...# #..#.~
#≈≈≈≈≈≈≈≈~.#..#'####'####'#..#.~
#≈≈≈≈≈≈≈≈~.##'#...........#'##.~
#≈≈≈≈≈≈≈≈~.#..#....._.....#..#.~
#≈≈≈≈≈≈≈≈~.#.ß#...........#ß.#.~


There were no monsters in sight!

Vanquished Creatures
  A two-headed ogre (D:7)
  An orc knight (Bailey)
  2 kobold demonologists (Bailey)
  A water moccasin (D:7)
  An ice beast (D:6)
  7 orc warriors (Bailey)
  A black bear (D:4)
  A sky beast (D:6)
  2 crocodiles (Sewer)
  4 ogres
  A centaur (D:7)
  A bullfrog (D:7)
  3 gnoll sergeants
  4 scorpions
  9 wights
  A killer bee (D:7)
  3 howler monkeys
  4 electric eels (Bailey)
  A bombardier beetle (D:5)
  7 hounds
  A gnoll bouda (D:5)
  A jelly (D:4)
  2 sleepcaps
  2 iguanas
  3 orc wizards
  A sickly merfolk siren (Sewer)
  A malarious merfolk avatar (Sewer)
  6 adders
  22 gnolls
  2 river rats (Sewer)
  A shadow imp (D:5)
  4 white imps
  2 ufetubi (D:6)
  6 ribbon worms
  4 dart slugs
  30 orcs
  2 bats
  4 endoplasms
  6 giant cockroaches
  19 goblins
  14 hobgoblins
  2 jackals (D:4)
  4 quokkas
  11 ball pythons
  13 frilled lizards
  10 kobolds
  20 rats
248 creatures vanquished.

Vanquished Creatures (collateral kills)
  2 killer bees (D:7)
  A bombardier beetle (D:3)
  A hound (D:4)
  An orc wizard (D:4)
  2 gnolls (D:2)
  An orc (D:4)
  A bat (D:3)
  2 endoplasms
11 creatures vanquished.

Vanquished Creatures (others)
  An acid dragon (D:7)
  An orc wizard (D:5)
  A gnoll (D:2)
  An orc (D:3)
4 creatures vanquished.

Grand Total: 263 creatures vanquished

Notes
Turn   | Place    | Note
-------+----------+-------------------------------------------
     0 | D:1      | december12 the Barachi Artificer began the quest for the
                  | Orb.
     0 | D:1      | Reached XP level 1. HP: 15/15 MP: 1/1
   160 | D:1      | Reached XP level 2. HP: 18/22 MP: 2/2
   303 | D:1      | Found Quqi's Book Emporium.
   325 | D:1      | Reached XP level 3. HP: 27/28 MP: 3/3
   789 | D:1      | Reached XP level 4. HP: 37/37 MP: 4/4
  1319 | D:2      | Reached skill level 5 in Fighting
  1319 | D:2      | Reached XP level 5. HP: 44/44 MP: 5/5
  2281 | D:3      | Reached XP level 6. HP: 33/53 MP: 6/6
  2424 | D:3      | Found Xihap's Magic Scroll Shop.
  2432 | D:3      | Bought a scroll of teleportation for 39 gold pieces
  2514 | D:3      | Found a sparkling altar of Nemelex Xobeh.
  2647 | D:4      | Noticed Grinder
  2649 | D:4      | Paralysed by Grinder for 2 turns
  3181 | D:4      | Reached XP level 7. HP: 38/63 MP: 7/7
  3720 | D:5      | Entered Level 5 of the Dungeon
  3729 | D:5      | Reached skill level 1 in Long Blades
  3961 | D:5      | Found a glowing drain.
  3965 | Sewer    | Entered a sewer
  4036 | Sewer    | Reached XP level 8. HP: 71/71 MP: 8/8
  4545 | D:5      | Found a bloodstained altar of Trog.
  4957 | D:4      | Reached skill level 5 in Long Blades
  5266 | D:5      | Noticed yapang's ghost (amateur DrSh)
  5271 | D:5      | Found a runed translucent door.
  6164 | D:6      | Reached skill level 10 in Fighting
  6164 | D:6      | Reached XP level 9. HP: 77/78 MP: 9/9
  7012 | D:6      | Found an iron altar of Okawaru.
  7331 | D:6      | Reached skill level 5 in Dodging
  8164 | D:7      | Noticed a two-headed ogre
  8381 | D:7      | Noticed a deep elf pyromancer
  8383 | D:7      | Noticed a boulder beetle
  8406 | D:7      | Killed a two-headed ogre
  8407 | D:7      | Reached XP level 10. HP: 80/87 MP: 10/10
  8418 | D:7      | Noticed kasel's ghost (novice FoFi)
  8419 | D:7      | Found a runed translucent gate.
  8419 | D:7      | Found a runed translucent gate.
  8419 | D:7      | Found a runed translucent gate.
  8761 | D:7      | Reached skill level 10 in Long Blades
  9292 | D:7      | Found a hazy altar of Hepliaklqana.
  9470 | D:7      | Found a staircase to the Ecumenical Temple.
  9611 | D:8      | Found a flagged portal.
  9673 | Bailey   | Entered a bailey
  9800 | Bailey   | Noticed a kobold demonologist
 10238 | Bailey   | Noticed an orc knight
 10253 | Bailey   | Killed an orc knight
 10482 | Bailey   | Noticed a kobold demonologist
 10602 | Bailey   | Killed a kobold demonologist
 11160 | Bailey   | Found an iron altar of Okawaru.
 11182 | Bailey   | Noticed a smoke demon
 11190 | Bailey   | Killed a kobold demonologist
 11191 | Bailey   | Reached skill level 1 in Spellcasting
 11200 | Bailey   | HP: 1/133 [burnt (12)]
 11201 | Bailey   | Incinerated by a smoke demon

Illustrated notes

Levels and vault maps discovered:
D:1:      mrwooster_arrival_statue_2, layout_basic, serial_shops, shop,
          minmay_heptomino_l4
D:2:      layout_basic
D:3:      layout_rooms, nemelex_dance_club_becter, serial_shops, shop,
          minmay_circle_x
D:4:      layout_basic, uniq_grinder
D:5:      layout_cave_pools, mainiacjoe_overflow_brackets,
          hellmonk_ghost_happy_afterlife,
          mainiacjoe_sewer_entry_somewhere_in_here_2, palyth_stone_intersect
D:6:      layout_rooms, okawaru_ov_weapons_minmay
D:7:      layout_basic, mainiacjoe_overflow_surrounded_room,
          minmay_temple_entry_from_below_a, gammafunk_ghost_split
D:8:      layout_layer_cave, enter_bailey_8, uniq_pikel
Bailey:   bailey_axe_of_yendor_kennysheep, bailey

Skill      XL: |  1  2  3  4  5  6  7  8  9 10 |
---------------+-------------------------------+-----
Fighting       | 2 3 5 6 8 9 10 11 12 | 12.0
Evocations     | 4 |  4.0
Long Blades    | 2 6 9 12 | 12.0
Armour         | 3 4 |  4.0
Dodging        | 2 4 6 |  6.3
Spellcasting   | 1 |  1.6
Stealth        | |  0.8

Action                     |  1- 3 |  4- 6 |  7- 9 | 10-12 || total
---------------------------+-------+-------+-------+-------++-------
  Melee: Club              |    21 |       |       |       ||    21
         Whip              |    86 |   148 |       |       ||   234
         Short sword       |       |    87 |   390 |    10 ||   487
         Long sword        |       |     4 |   108 |    11 ||   123
         Great sword       |       |       |       |   141 ||   141
   Fire: Sling             |       |       |     5 |       ||     5
         Orcbow            |       |       |    61 |    11 ||    72
  Throw: Dart              |    39 |       |       |       ||    39
Ability: Hop               |       |     1 |     6 |     3 ||    10
  Evoke: Wand              |       |    17 |    17 |     9 ||    43
    Use: Scroll            |       |       |     2 |     6 ||     8
         Potion            |       |       |     3 |     5 ||     8
   Stab: Sleeping          |       |     1 |       |       ||     1
 Armour: Leather armour    |    17 |       |       |       ||    17
         Ring mail         |    52 |   182 |   347 |    96 ||   677
         Skin              |       |       |       |     8 ||     8
  Dodge: Dodged            |    65 |   139 |   265 |    81 ||   550

Table legend: (Time is in decaauts)
 A = Elapsed time spent in this place.
 B = Non-inter-level travel time spent in this place.
 C = Inter-level travel time spent in this place.
 D = Time resting spent in this place.
 E = Time spent auto-exploring this place.
 F = Levels seen in this place.
 G = Mean time per level.
                   A        B        C        D        E       F      G
               +--------+--------+--------+--------+--------+-----+--------+
         Total |  12244 |  11720 |    524 |   4640 |   3810 |  10 | 1224.4 |
       Dungeon |  10029 |   9505 |    524 |   3485 |   3525 |   8 | 1253.6 |
         Sewer |    590 |    590 |      0 |    200 |    223 |   1 |  590.0 |
        Bailey |   1624 |   1624 |      0 |    954 |     62 |   1 | 1624.0 |
               +--------+--------+--------+--------+--------+-----+--------+

Top non-repeatable levels by time:
     D:6: 2326 daAuts
     D:4: 1686 daAuts
  Bailey: 1624 daAuts
     D:5: 1436 daAuts
     D:7: 1433 daAuts
     D:1: 1207 daAuts
     D:2: 1059 daAuts
     D:3: 769 daAuts
   Sewer: 590 daAuts
     D:8: 109 daAuts
